 Dungeon Crawl Stone Soup version 0.25.1-9-gc5326a611f (webtiles) character file.

Game seed: 8947667195920317455

29309 hawla the Thaumaturge (level 13, -6/96 (99) HPs)
             Began as a Yellow Draconian Conjurer on Dec 26, 2020.
             Was an Elder of Vehumet.
             Killed from afar by a death drake (17 damage)
             ... with a foul vapour
             ... in a Gauntlet on Dec 28, 2020.
             The game lasted 01:07:11 (21393 turns).

hawla the Thaumaturge (Yellow Draconian Conjurer)  Turns: 21393, Time: 01:07:12

HP:   -6/96 (99)    AC: 16    Str: 12    XL:     13   Next: 14%
MP:   18/38         EV: 12    Int: 20    God:    Vehumet [****..]
Gold: 639           SH:  0    Dex: 14    Spells: 17/36 levels left

rFire    . . .     SeeInvis .   M - +5 short sword of Fimbulwinter {flame, rPois rN+ Dex+3}
rCold    . . .     Gourm    .   (no shield)
rNeg     + . .     Faith    .   (armour unavailable)
rPois    +         Spirit   .   N - +1 hat
rElec    .         Reflect  .   o - +1 cloak
rCorr    +         Harm     .   y - +0 pair of gloves
MR       .....     NoTele   +   (no boots)
Stlth    ++........             r - amulet of magic regeneration
HPRegen  0.26/turn              q - ring of magical power
MPRegen  0.51/turn              A - +4 ring of protection

@: lethally poisoned (-6 -> -70), hasted and slowed, lightly drained
A: spit acid, unfitting armour, cold-blooded, acid resistance, AC +8
a: Breathe Acid, Renounce Religion


You were in a Gauntlet.
You worshipped Vehumet.
Vehumet was greatly pleased with you.
You were not hungry.

You visited 2 branches of the dungeon, and saw 15 of its levels.
You also visited: Gauntlet.

You collected 711 gold pieces.
You spent 72 gold pieces at shops.

Inventory:

Hand Weapons
 u - a +0 quarterstaff
 E - the +5 rapier "Plog" {venom, MR+ Int+2}
   (You found it in a Gauntlet)

   It poisons the flesh of those it strikes.
   It affects your intelligence (+2).
   It affects your resistance to hostile enchantments.
 M - the +5 short sword of Fimbulwinter (weapon) {flame, rPois rN+ Dex+3}
   (You found it on level 11 of the Dungeon)

   It has been specially enchanted to burn those struck by it, causing extra
   injury to most foes and up to half again as much damage against particularly
   susceptible opponents.
   It affects your dexterity (+3).
   It protects you from poison.
   It protects you from negative energy.
Missiles
 a - 47 poisoned darts
 f - a throwing net
 k - 2 boomerangs
 w - 3 atropa-tipped darts (quivered)
 J - 8 javelins
Armour
 o - a +1 cloak (worn)
 y - a +0 pair of gloves (worn)
 z - a +2 buckler
 N - a +1 hat (worn)
Jewellery
 g - a +6 ring of strength
 h - a +6 ring of strength
 q - a ring of magical power (left hand)
 r - an amulet of magic regeneration (around neck)
 A - a +4 ring of protection (right hand)
 C - an uncursed ring of flight
 L - an uncursed ring of ice
Wands
 d - a wand of paralysis (16)
 t - a wand of enslavement (11)
 H - a wand of flame (3)
Scrolls
 l - a scroll of fog
 m - 7 scrolls of remove curse
 n - 2 scrolls of amnesia
 p - 2 scrolls of fear
 x - 3 scrolls of enchant weapon
 F - a scroll of teleportation
 G - 2 scrolls of magic mapping
 P - a scroll of summoning
Potions
 c - 2 potions of heal wounds
 e - 4 potions of stabbing
 i - 2 potions of haste
 j - a potion of invisibility {unknown}
 v - a potion of cancellation {unknown}
 B - 2 potions of flight {unknown}
 D - 2 potions of magic {unknown}
 K - a potion of mutation {unknown}
 O - a potion of ambrosia {unknown}
Miscellaneous
 s - a phial of floods
Comestibles
 b - 17 rations
 I - 2 chunks of flesh


   Skills:
 - Level 4.5(4.3) Fighting
 + Level 11.0(10.8) Staves
 - Level 1.7(1.6) Dodging
 - Level 1.7(1.6) Stealth
 - Level 4.0(3.8) Shields
 - Level 12.0(11.8) Spellcasting
 - Level 8.0(7.8) Conjurations
 - Level 4.1(4.0) Hexes
 - Level 5.5(5.4) Translocations
 - Level 4.7(4.6) Transmutations
 - Level 5.3(5.1) Fire Magic
 - Level 5.3(5.2) Earth Magic


You had 17 spell levels left.
You knew the following spells:

 Your Spells              Type           Power        Failure   Level  Hunger
a - Magic Dart            Conj           ####         1%          1    None
b - Searing Ray           Conj           #####.       1%          2    None
c - Iskenderun's Mystic   Conj/Tloc      #####...     1%          4    #......
d - Corona                Hex            ####...      1%          1    None
e - Yara's Violent Unrav  Hex/Tmut       ####......   7%          5    ####...
f - Conjure Flame         Conj/Fire      #####...     1%          3    None
g - Stone Arrow           Conj/Erth      #####.       1%          3    None

Your spell library contained the following spells:

 Spells                   Type           Power        Failure   Level  Hunger
 Lightning Bolt           Conj/Air       ####......   9%          5    ####...
 Beastly Appendage        Tmut           ####..       1%          1    None
 Sticks to Snakes         Tmut           ####....     1%          2    None
 Dazzling Flash           Conj/Hex       #####.       1%          3    None
 Gell's Gravitas          Tloc           ####......   1%          3    None
 Fulminant Prism          Conj/Hex       #####.....   1%          4    #......
 Ensorcelled Hibernation  Hex/Ice        ###...       3%          2    None
 Confusing Touch          Hex            ####....     3%          3    None
 Tukima's Dance           Hex            ####....     3%          3    None
 Spider Form              Tmut/Pois      ###.......   7%          3    None
 Petrify                  Tmut/Erth      ####....     8%          4    #......
 Ice Form                 Ice/Tmut       ###.....     22%         4    #......
 Blade Hands              Tmut           ####......   24%         5    ####...
 Metabolic Englaciation   Hex/Ice        ###.......   56%         5    ####...


Dungeon Overview and Level Annotations

Branches:
Dungeon (14/15)            Temple (1/1) D:6            Lair (0/6) D:9
    Orc (0/2) D:9         Gauntlet (1/1)
 Vaults: D:13-14

Altars:
Ashenzari
Cheibriados
Dithmenos
Elyvilon
Fedhas
Gozag
Hepliaklqana
Kikubaaqudgha
Makhleb
Nemelex Xobeh
Okawaru
Qazlal
Ru
Sif Muna
Trog
Uskayaw
Vehumet
Wu Jian
Xom
Yredelemnul
Zin
The Shining One

Shops:
D:9 [

Annotations:
D:12 1 runed translucent door, pokeman's ghost, journeyman DEWz Gauntlet 13 transporters, 21 runed translucent doors


Innate Abilities, Weirdness & Mutations

You can spit globs of acid.
Your golden yellow scales are hard. (AC +8)
You cannot fit into any form of body armour.
You are cold-blooded and may be slowed by cold attacks.
You are resistant to acid. (rCorr)


Message History

You feel as though you will be slow longer.
You feel extremely sick.
The death drake bites you but does no damage.
The centaur warrior zombie fails to trigger a net trap.
The death drake barely misses you. The centaur warrior zombie hits you!
* * * LOW HITPOINT WARNING * * *
Okay, then.
Okay, then.
It was a potion of haste.
You feel yourself speed up.
You are engulfed in dark miasma.
You are more poisoned.
You feel as though you will be slow longer.
* * * LOW HITPOINT WARNING * * *
x2 You feel extremely sick.
The spectral meliai hits you but does no damage.
The spectral meliai hits you.
* * * LOW HITPOINT WARNING * * *
The death drake breathes miasma at you. The foul vapour engulfs you!
You die...

..#.#..#8# #8# #8#
..#.#..###############
###.#..............#8#
§§#.#..............####
###.#############....§###
...©...........©#.....#8#
#####################.###
.......b#.#..≈≈...≈.#.#
.##.##.b#.#.≈..≈@^≈.#.###
##...##h#.#©≈.≈ZZk≈^#.#8#
#h....#.#.#≈.≈..Z≈^.#.###
...©.h..#.#≈..≈.≈.≈≈#.#
#.....#.#.#.≈^≈≈≈.≈.#.###
##...##.#.#.≈≈^^^≈..#.#8#
.##.##..#.#^≈...≈.≈.#.###
.$=©.?..#.#.^≈?©[.≈|#.#
#########.###########.###


You could see a death drake (catching breath), a spectral meliai and 2 centaur
warrior zombies.

Vanquished Creatures
  Harold (D:8)
  A centaur warrior (D:13)
  7 two-headed ogres
  A manticore (shapeshifter) (Gauntlet)
  An oklob plant (D:6)
  A cyclops (D:11)
  4 ugly things
  A moth of wrath (Gauntlet)
  A guardian serpent (shapeshifter) (D:13)
  A gargoyle (D:10)
  A kobold demonologist (D:14)
  2 komodo dragons
  3 trolls
  Prince Ribbit (D:8)
  A hornet (D:8)
  5 slime creatures (D:12)
  2 hippogriffs
  A meliai zombie (D:13)
  A shadow (D:13)
  A basilisk (D:12)
  3 wyverns
  2 wraiths (D:12)
  8 vampire mosquitoes
  A hungry ghost (D:14)
  2 soldier ants (D:12)
  An acid dragon (D:14)
  5 porcupines (D:9)
  7 orc warriors
  3 black bears
  2 phantoms
  7 ice beasts
  8 ogres
  A necrophage (D:11)
  3 sky beasts
  4 wolves (Gauntlet)
  4 centaurs
  3 crocodiles
  2 big kobolds
  12 bullfrogs
  A wyvern skeleton (D:10)
  A water moccasin zombie (D:5)
  6 scorpions
  4 wights (D:11)
  6 howler monkeys
  8 electric eels
  3 bullfrog zombies
  3 crimson imps
  6 hounds
  3 centaur zombies
  6 jellies
  15 orc wizards
  5 orc priests
  4 centaur skeletons
  2 bullfrog skeletons
  3 iguanas
  11 worker ants
  A killer bee zombie (D:6)
  A hound zombie (D:6)
  2 hound skeletons
  17 adders
  3 shadow imps
  An ooze (D:4)
  An adder skeleton (D:4)
  An adder zombie (D:6)
  2 worms (D:4)
  3 dart slugs
  2 leopard geckos
  30 orcs
  13 giant cockroaches
  14 goblins
  7 hobgoblins
  25 jackals
  7 quokkas
  A ball python (D:4)
  7 bats
  5 frilled lizards
  A jackal skeleton (D:5)
  14 kobolds
  3 leopard gecko skeletons
  A leopard gecko zombie (D:5)
  A quokka zombie (D:5)
  6 rats
  A fungus (D:9)
372 creatures vanquished.

Vanquished Creatures (others)
  A boggart (D:14)
  18 fungi (D:9)
  8 plants
27 creatures vanquished.

Grand Total: 399 creatures vanquished

Notes
Turn   | Place    | Note
-------+----------+-------------------------------------------
     0 | D:1      | hawla the Draconian Conjurer began the quest for the Orb.
     0 | D:1      | Reached XP level 1. HP: 14/14 MP: 3/3
   295 | D:1      | Reached XP level 2. HP: 20/20 MP: 1/5
   299 | D:1      | Learned a level 2 spell: Searing Ray
  1135 | D:1      | Reached XP level 3. HP: 26/26 MP: 4/7
  1430 | D:2      | Reached skill level 3 in Spellcasting
  1583 | D:2      | Reached XP level 4. HP: 33/33 MP: 4/8
  2001 | D:2      | Reached skill level 5 in Conjurations
  3151 | D:3      | Reached XP level 5. HP: 38/38 MP: 3/10
  3695 | D:3      | Learned a level 4 spell: Iskenderun's Mystic Blast
  4024 | D:4      | Reached skill level 4 in Spellcasting
  4136 | D:4      | You fall into a shaft and drop 1 floor!
  4136 | D:5      | Entered Level 5 of the Dungeon
  4195 | D:4      | Reached skill level 1 in Translocations
  4325 | D:4      | Found a shadowy altar of Dithmenos.
  4421 | D:4      | Reached XP level 6. HP: 45/45 MP: 6/12
  4561 | D:4      | Found a bloodstained altar of Trog.
  5239 | D:5      | Found a white marble altar of Elyvilon.
  5502 | D:5      | Your scales start taking on a golden yellow colour.
  5502 | D:5      | Reached XP level 7. HP: 42/50 MP: 14/14
  5502 | D:5      | Gained mutation: You are resistant to acid. (rCorr) [Yellow
                  | Draconian growth]
  5510 | D:5      | Reached skill level 5 in Spellcasting
  6055 | D:5      | Found a glowing golden altar of the Shining One.
  6687 | D:6      | HP: 1/50 [centaur (7)]
  6689 | D:6      | Reached XP level 8. HP: 20/57 MP: 16/16
  6995 | D:6      | Found a shattered altar of Ashenzari.
  6995 | D:6      | Noticed an oklob plant
  7131 | D:6      | Reached skill level 6 in Spellcasting
  7262 | D:6      | Reached skill level 5 in Translocations
  7564 | D:6      | Found a staircase to the Ecumenical Temple.
  7579 | Temple   | Entered the Ecumenical Temple
  7684 | Temple   | Became a worshipper of Vehumet
  7805 | D:7      | Reached skill level 1 in Staves
  7896 | D:7      | Reached XP level 9. HP: 37/62 MP: 19/19
  8073 | D:7      | HP: 3/62 [electric eel/bolt of electricity (16)]
  8074 | D:8      | Noticed Prince Ribbit
  8080 | D:8      | Found a hide-covered altar of Uskayaw.
  8080 | D:8      | Noticed a -1 hand axe
  8081 | D:8      | Noticed a +0 dagger
  8374 | D:8      | Reached skill level 7 in Spellcasting
  9461 | D:8      | Reached skill level 1 in Fighting
  9505 | D:8      | Killed Prince Ribbit
  9505 | D:8      | Reached skill level 8 in Spellcasting
  9555 | D:8      | Noticed Harold
 10206 | D:7      | Reached skill level 5 in Staves
 11348 | D:8      | Killed Harold
 11348 | D:8      | Reached skill level 9 in Spellcasting
 11348 | D:8      | Reached XP level 10. HP: 29/73 MP: 19/23
 11591 | D:8      | Noticed a two-headed ogre
 11597 | D:8      | Killed a two-headed ogre
 11637 | D:8      | Reached skill level 10 in Spellcasting
 11637 | D:8      | Reached skill level 5 in Fire Magic
 11637 | D:8      | Reached skill level 5 in Earth Magic
 11637 | D:8      | Reached XP level 11. HP: 85/85 MP: 22/25
 12402 | D:6      | Killed an oklob plant
 12516 | D:9      | Found an iron altar of Okawaru.
 12582 | D:9      | Reached * piety under Vehumet
 12582 | D:9      | Offered knowledge of Foxfire by Vehumet.
 12779 | D:9      | Found a staircase to the Lair.
 12900 | D:9      | Reached skill level 11 in Spellcasting
 12976 | D:9      | Found a snail-covered altar of Cheibriados.
 13132 | D:9      | Found Urir's Armour Shoppe.
 13132 | D:9      | Noticed a two-headed ogre
 13141 | D:9      | Killed a two-headed ogre
 13152 | D:9      | Bought a +0 pair of gloves for 72 gold pieces
 13507 | D:9      | Noticed a two-headed ogre
 13519 | D:9      | Killed a two-headed ogre
 13519 | D:9      | Reached skill level 1 in Shields
 13521 | D:9      | Found a staircase to the Orcish Mines.
 14132 | D:10     | Entered Level 10 of the Dungeon
 14182 | D:10     | Noticed a two-headed ogre
 14197 | D:10     | Killed a two-headed ogre
 14262 | D:10     | Noticed a two-headed ogre
 14271 | D:10     | Killed a two-headed ogre
 14325 | D:10     | Reached XP level 12. HP: 72/92 MP: 27/27
 14795 | D:10     | Reached ** piety under Vehumet
 15206 | D:10     | Offered knowledge of Freeze by Vehumet.
 15275 | D:10     | Learned a level 1 spell: Corona
 15281 | D:10     | Learned a level 5 spell: Yara's Violent Unravelling
 15505 | D:11     | Reached skill level 1 in Transmutations
 15722 | D:11     | Reached skill level 1 in Hexes
 16370 | D:11     | Got a shimmering short sword
 16371 | D:11     | Identified the +5 short sword of Fimbulwinter {flame, rPois
                  | rN+ Dex+3} (You found it on level 11 of the Dungeon)
 16531 | D:12     | Offered knowledge of Conjure Flame by Vehumet.
 16539 | D:12     | Learned a level 3 spell: Conjure Flame
 16930 | D:12     | Found a runed translucent door.
 16930 | D:12     | Found a shimmering altar of Xom.
 16930 | D:12     | Identified the +6 rapier "Xobojuvu" {chaos, rPois rN+ MR-}
 16930 | D:12     | Noticed pokeman's ghost (journeyman DEWz)
 17181 | D:12     | Reached *** piety under Vehumet
 17499 | D:12     | Noticed a two-headed ogre
 17508 | D:12     | Killed a two-headed ogre
 17508 | D:12     | Reached skill level 12 in Spellcasting
 17590 | D:12     | Noticed a two-headed ogre
 17599 | D:12     | Killed a two-headed ogre
 18279 | D:13     | Offered knowledge of Stone Arrow by Vehumet.
 18926 | D:13     | Learned a level 3 spell: Stone Arrow
 19406 | D:13     | Reached skill level 10 in Staves
 19456 | D:13     | Noticed a centaur warrior
 19474 | D:13     | Killed a centaur warrior
 19474 | D:13     | Reached **** piety under Vehumet
 19845 | D:13     | Reached XP level 13. HP: 75/99 MP: 29/29
 20116 | D:14     | Offered knowledge of Lightning Bolt by Vehumet.
 20168 | D:14     | Found a gate leading to a gauntlet.
 20183 | Gauntlet | Entered a Gauntlet
 20183 | Gauntlet | Found a transporter.
 20493 | Gauntlet | Found a transporter.
 20529 | Gauntlet | Found a transporter.
 20531 | Gauntlet | Found a transporter.
 20533 | Gauntlet | Found a transporter.
 20535 | Gauntlet | Found a large runed translucent door.
 20535 | Gauntlet | Found a large runed translucent door.
 20536 | Gauntlet | Found a large runed translucent door.
 20536 | Gauntlet | Found a large runed translucent door.
 20565 | Gauntlet | Found a transporter.
 20567 | Gauntlet | Found a transporter.
 20586 | Gauntlet | Found a transporter.
 20588 | Gauntlet | Noticed a death ooze
 20601 | Gauntlet | Found a transporter.
 20625 | Gauntlet | Found a transporter.
 20645 | Gauntlet | Found a transporter.
 20663 | Gauntlet | Found a transporter.
 20675 | Gauntlet | Found a transporter.
 20695 | Gauntlet | Found a large runed translucent door.
 20696 | Gauntlet | Found a large runed translucent door.
 20697 | Gauntlet | Found a large runed translucent door.
 20697 | Gauntlet | Found a large runed translucent door.
 20698 | Gauntlet | Found a runed translucent gate.
 20699 | Gauntlet | Found a transporter.
 20699 | Gauntlet | Found a runed translucent gate.
 20700 | Gauntlet | Found a runed translucent gate.
 20701 | Gauntlet | Found a large runed translucent door.
 20701 | Gauntlet | Found a large runed translucent door.
 20702 | Gauntlet | Found a large runed translucent door.
 20703 | Gauntlet | Found a large runed translucent door.
 20711 | Gauntlet | Found a transporter.
 20723 | Gauntlet | Found a transporter.
 20753 | Gauntlet | Found a transporter.
 20753 | Gauntlet | Found a transporter.
 20785 | Gauntlet | Found a large runed translucent door.
 20785 | Gauntlet | Found a large runed translucent door.
 20785 | Gauntlet | Found a runed translucent door.
 20785 | Gauntlet | Found a runed translucent door.
 21151 | Gauntlet | Got a crystal rapier
 21152 | Gauntlet | Identified the +5 rapier "Plog" {venom, MR+ Int+2} (You
                  | found it in a Gauntlet)
 21166 | Gauntlet | Found a large runed translucent door.
 21166 | Gauntlet | Found a large runed translucent door.
 21393 | Gauntlet | Killed from afar by a death drake

Illustrated notes

Levels and vault maps discovered:
D:1:      scummos_arrival_hexagon, layout_basic, minmay_misc_feat_hallway,
          minmay_worlds_worst_comb
D:2:      layout_loops_ring, first_ration, minmay_tetromino_t4
D:3:      layout_loops_ring, minmay_statues_item, chequers_serial_rivers_micro_e
D:4:      minmay_octagon_keep, layout_basic, nicolae_overflow_hidden_temple,
          marbit_many_paths
D:5:      layout_loops_ring, kennysheep_mini, basic_altar
D:6:      layout_loops_corners, minmay_temple_entry_statues_pillars,
          lemuel_oklob_altar
D:7:      layout_cave_pools, serial_bayou, serial_bayou_lagoon_b,
          serial_bayou_pond_a, serial_bayou_pond_e, serial_bayou_pond_a,
          serial_bayou_lake_a, serial_bayou_crossing
D:8:      layout_rooms, dancing_weapons_uskayaw, serial_bayou,
          serial_bayou_pond_a, serial_bayou_shore_a, serial_bayou_pond_b,
          serial_bayou_pond_c, serial_bayou_pond_b, uniq_harold,
          uniq_prince_ribbit1
D:9:      layout_roguey, kennysheep_mini_moat, okawaru_trees_2,
          due_lair_maze_entry_diamond, orc_0_dummy, serial_shops, shop
D:10:     layout_gridville
D:11:     layout_loops_ring
D:12:     layout_roguey, ebering_ghost_xom
D:13:     layout_roguey, serial_rivers, chequers_serial_rivers_micro_b,
          chequers_serial_rivers_micro_c, chequers_serial_rivers_micro_c,
          chequers_serial_rivers_micro_b
D:14:     layout_cave_pools, david_vaults_5, gauntlet_entry_generic,
          kennysheep_nondescript, uniq_kirke
Temple:   lightli_temple_of_artemis
Gauntlet: gammafunk_gauntlet_one_two_three [gammafunk_gauntlet_arena_mazey,
          gammafunk_gauntlet_arena_chambers, gammafunk_gauntlet_arena_teeth,
          nicolae_gauntlet_arena_blocks, nicolae_gauntlet_swirl,
          nicolae_gauntlet_arena_quarters,
          minmay_gauntlet_arena_make_your_own_arena,
          gammafunk_gauntlet_arena_split_diamond,
          nicolae_gauntlet_arena_flowing_pool, gauntlet_exit_green]

Skill      XL: |  1  2  3  4  5  6  7  8  9 10 11 12 13 |
---------------+----------------------------------------+-----
Spellcasting   | 3 4 5 6 9 10 11 12 | 12.0
Conjurations   | 5 6 7 8 |  8.0
Translocations | 1 2 4 5 |  5.5
Staves         | 1 6 7 8 10 11 | 11.0
Fighting       | 2 4 |  4.5
Fire Magic     | 5 |  5.3
Earth Magic    | 5 |  5.3
Shields        | 3 4 |  4.0
Transmutations | 4 |  4.7
Hexes          | 4 |  4.1
Dodging        | |  1.7
Stealth        | |  1.7

Action                   |  1- 3 |  4- 6 |  7- 9 | 10-12 | 13-15 || total
-------------------------+-------+-------+-------+-------+-------++-------
Melee: Unarmed           |    44 |    11 |       |       |       ||    55
       Tailslap          |     5 |     2 |     1 |     3 |       ||    11
       Quarterstaff      |       |       |     5 |    19 |     5 ||    29
       Rapier            |       |       |       |       |     1 ||     1
Throw: Dart              |       |       |     2 |     5 |       ||     7
 Cast: Magic Dart        |    44 |    79 |    59 |   110 |     1 ||   293
       Searing Ray       |    13 |    57 |    77 |   162 |    14 ||   323
       Iskenderun's Myst |       |       |    18 |    96 |    18 ||   132
       Conjure Flame     |       |       |       |    18 |       ||    18
       Corona            |       |       |       |     9 |     4 ||    13
       Stone Arrow       |       |       |       |     3 |       ||     3
       Yara's Violent Un |       |       |       |     1 |     3 ||     4
 Abil: Breathe Acid      |       |       |     2 |     1 |       ||     3
  Use: Scroll            |     3 |     9 |     5 |     9 |     2 ||    28
       Potion            |       |       |     2 |     3 |     1 ||     6
  Eat: Chunk             |     3 |    14 |    15 |    22 |       ||    54
       Ration            |       |       |     2 |     1 |     2 ||     5
Armor: Skin              |    24 |    15 |    19 |    85 |    37 ||   180
Dodge: Dodged            |    42 |    25 |    59 |   120 |    38 ||   284
